 Dungeon Crawl Stone Soup version 0.27-a0-522-g46bbb28828 (webtiles) character file.

Game seed: 584789694487652897

185 Anon1729 the Skirmisher (level 5, -6/47 HPs)
             Began as a Ghoul Fighter on Mar 5, 2021.
             Mangled by Sigmund
             ... wielding a +2 scythe of protection
              (10 damage)
             ... on level 3 of the Dungeon.
             The game lasted 00:02:13 (1973 turns).

Anon1729 the Skirmisher (Ghoul Fighter)             Turns: 1973, Time: 00:02:14

Health: -6/47      AC:  6    Str: 21    XL:     5   Next: 64%
Magic:  4/4        EV:  7    Int:  9    God:
Gold:   156        SH: 14    Dex:  8    Spells: 4/4 levels left

rFire    . . .     SeeInvis .   a - +0 war axe
rCold    + . .     Faith    .   c - +0 kite shield
rNeg     + + +     Spirit   .   b - +0 scale mail
rPois    ∞         Reflect  +   (no helmet)
rElec    .         Harm     .   (no cloak)
rCorr    .         Rampage  .   (no gloves)
Will     .....                  (no boots)
Stlth    ..........             r - amulet of reflection
HPRegen  0.00/turn              s - +6 ring of intelligence
MPRegen  0.09/turn              (no ring)

@: no status effects
A: claws 1, cold resistance 1, negative energy resistance 3, inhibited
regeneration, torment resistance, unbreathing 1
a: no special abilities


You were on level 3 of the Dungeon.
You visited 1 branch of the dungeon, and saw 3 of its levels.

You collected 156 gold pieces.

Inventory:

Hand Weapons
 a - a +0 war axe (weapon)
Armour
 b - a +0 scale mail (worn)
 c - a +0 kite shield (worn)
Jewellery
 r - an amulet of reflection (around neck)
 s - a +6 ring of intelligence (left claw)
Scrolls
 e - 2 scrolls of fear {unknown}
 g - 4 scrolls of identify {unknown}
 j - 6 scrolls of teleportation {unknown}
 k - 4 scrolls of enchant weapon {unknown}
 l - 3 scrolls of enchant armour {unknown}
 n - a scroll of fog {unknown}
 o - a scroll of blinking {unknown}
 p - a scroll of immolation {unknown}
Potions
 d - 2 potions of might
 f - a potion of flight {unknown}
 h - a potion of haste {unknown}
 i - a potion of degeneration {unknown}
 m - a potion of ambrosia {unknown}
 q - a potion of mutation {unknown}


   Skills:
 + Level 4.4 Fighting
 + Level 3.0 Axes
 + Level 3.6 Armour
 + Level 3.6 Shields


You had 4 spell levels left.
You didn't know any spells.
Your spell library was empty.

Dungeon Overview and Level Annotations

Branches:
Dungeon (3/15)

Altars:
Vehumet

Annotations:
D:3 Sigmund


Innate Abilities, Weirdness & Mutations

You thrive by killing the living.
You are immune to poison.
You have sharp fingernails.
Your flesh is cold resistant. (rC+)
You are immune to negative energy. (rN+++)
You do not regenerate when monsters are visible.
You are immune to unholy pain and torment.
You can survive without breathing.


Message History

Your shield and scale mail prevent you from hitting Sigmund.
Sigmund is moderately wounded.
Sigmund points at himself and mumbles some strange words.
Sigmund flickers and vanishes!
Deactivating autopickup; reactivate with Ctrl-A.
No target in view!
No target in view!
No target in view!
No target in view!
No target in view!
No target in view!
No target in view!
No target in view!
No target in view!
No target in view!
No target in view!
No target in view!
No target in view!
No target in view!
No target in view!
No target in view!
No target in view!
No target in view!
No target in view!
No target in view!
Your shield and scale mail prevent you from hitting something.
You block something's attack.
You closely miss something. Something hits you but does no damage.
You miss something. Something hits you.
You barely miss something.
You hear some strange, mumbled words.
A magic dart appears from out of thin air!
The magic dart hits you. Something hits you but does no damage.
You miss something. Something hits you!
You miss something. Something hits you.
* * * LOW HITPOINT WARNING * * *
You closely miss something. Something hits you!
* * * LOW HITPOINT WARNING * * *
You miss something. Something hits you!
You die...

#.# #.....#..### #..##.###
#.#### #.##.###...###
#.##...# .....##.. #(
###...# ##....#.#
.....##... ..
..###.###.....#.#
.....##..####
#.###.#...#.....#
.........###
#.......###.##..#
...........# #..###.###..#
#... ......####.# ##.## #.#
#.## ..# .....##
##.####.@.# #.###.# #.#
.....# ##.......#{.##..#..#
.#
.....###..##.#####.###.#.##
##.###...###.# .#
#...####### .....†.### #..
#.####........# ......##
##.# #....[..#####.#
......# .# ######..#
......# .# ##.# ####### ..
#.#


There were no monsters in sight!

Vanquished Creatures
  An orc wizard (D:3)
  A worker ant (D:2)
  3 gnolls
  4 adders
  An ooze (D:2)
  A worm (D:2)
  3 dart slugs
  2 leopard geckos (D:2)
  4 orcs (D:3)
  4 bats
  3 giant cockroaches (D:2)
  6 goblins
  6 hobgoblins
  2 quokkas
  3 frilled lizards
  6 kobolds
  9 rats
59 creatures vanquished.

Notes
Turn   | Place    | Note
-------+----------+-------------------------------------------
     0 | D:1      | Anon1729 the Ghoul Fighter began the quest for the Orb.
     0 | D:1      | Reached XP level 1. HP: 19/19 MP: 0/0
    63 | D:1      | Reached XP level 2. HP: 26/26 MP: 1/1
   432 | D:2      | Reached XP level 3. HP: 30/31 MP: 2/2
   505 | D:2      | Reached XP level 4. HP: 19/40 MP: 3/3
   818 | D:3      | Reached skill level 4 in Fighting
  1041 | D:2      | Reached XP level 5. HP: 20/46 MP: 4/4
  1271 | D:2      | Found a radiant altar of Vehumet.
  1956 | D:3      | Noticed Sigmund
  1973 | D:3      | Mangled by Sigmund

Illustrated notes

Levels and vault maps discovered:
D:1:      amcnicky_arrival_feature_with_door, layout_rooms
D:2:      layout_rooms, nicolae_overflow_crystal_walls, minmay_pentomino_q4
D:3:      layout_rooms, lemuel_round_altar, uniq_sigmund

Skill      XL: |  1  2  3  4  5 |
---------------+----------------+-----
Axes           | 2 3 |  3.0
Armour         | 3 |  3.6
Shields        | 3 |  3.6
Fighting       | 4 |  4.4

Action                   |  1- 3 |  4- 6 || total
-------------------------+-------+-------++-------
Melee: War axe           |    51 |   176 ||   227
Armor: Scale mail        |    14 |    98 ||   112
Dodge: Dodged            |    13 |    45 ||    58
Block: Kite shield       |    29 |   100 ||   129

Table legend: (Time is in decaauts)
 A = Elapsed time spent in this place.
 B = Non-inter-level travel time spent in this place.
 C = Inter-level travel time spent in this place.
 D = Time resting spent in this place.
 E = Time spent auto-exploring this place.
 F = Levels seen in this place.
 G = Mean time per level.
                   A        B        C        D        E       F      G
               +--------+--------+--------+--------+--------+-----+--------+
         Total |   2112 |   2071 |     41 |    312 |   1223 |   3 |  704.0 |
       Dungeon |   2112 |   2071 |     41 |    312 |   1223 |   3 |  704.0 |
               +--------+--------+--------+--------+--------+-----+--------+

Top non-repeatable levels by time:
     D:2: 905 daAuts
     D:3: 790 daAuts
     D:1: 416 daAuts
